 Dungeon Crawl Stone Soup version 0.31-a0-1467-g53b6572822 (webtiles) character file.

Game seed: 13441869088577951966

105 MisterFreud the Ruffian (level 4, -1/38 HPs)
             Began as a Draconian Shapeshifter on Dec 28, 2023.
             Was an Initiate of Hepliaklqana.
             Incinerated by a bombardier beetle (5 damage)
             ... with a burning spray
             ... on level 3 of the Dungeon.
             The game lasted 00:02:28 (1934 turns).

MisterFreud the Ruffian (Draconian Shapeshifter)    Turns: 1934, Time: 00:02:28

Health: -1/38      AC:  5    Str: 16    XL:     4   Next: 53%
Magic:  4/4        EV: 12    Int: 11    God:    Hepliaklqana [......]
Gold:   90         SH:  0    Dex: 12    Spells: 3/3 levels left

rFire   . .          .
                       - Unarmed
rCold   . . .        (no shield)
rNeg    . . .        (body armour unavailable)
rPois   .            (helmet currently unavailable)
rElec   .            (cloak currently unavailable)
rCorr   .            (gloves currently unavailable)
SInv    .            (boots currently unavailable)
Will    .....        (no amulet)
Stlth   +            (no ring)
HPRegen 0.26/turn    (no ring)
MPRegen 0.09/turn

%: no passive effects
@: on fire, beast-form, glowing
A: beast (slay +1), AC +5, unfitting armour, cold-blooded
a: Begin Untransformation, Renounce Religion


You were on level 3 of the Dungeon.
You worshipped Hepliaklqana.
Hepliaklqana was noncommittal.
You were a hulking beast.
You visited 1 branch of the dungeon, and saw 3 of its levels.

You collected 90 gold pieces.

Inventory:

Armour
 e - a +0 pair of boots
Talismans
 b - a beast talisman
 c - a flux talisman
Scrolls
 j - a scroll of teleportation
 k - a scroll of fog
Potions
 a - a potion of lignification
 d - 2 potions of attraction
 f - a potion of mutation {unknown}
 g - a potion of berserk rage {unknown}
 i - 2 potions of invisibility


   Skills:
 * Level 3.3 Fighting
 - Level 2.0 Dodging
 * Level 4.2 Unarmed Combat
 - Level 3.1 Shapeshifting


You had 3 spell levels left.
You didn't know any spells.
Your spell library contained the following spells:

 Spells                   Type           Power      Damage    Failure   Level
 Sting                    Conj/Alch      0%         1d3       34%         1
 Mercury Vapours          Alch/Air       0%         N/A       47%         2
 Cause Fear               Hex            0%         N/A       98%         4
 Olgreb's Toxic Radiance  Alch           0%         N/A       98%         4
 Fireball                 Conj/Fire      0%         3d3       100%        5
 Dragon's Call            Summ           0%         N/A       100%        9


Dungeon Overview and Level Annotations

Branches:
Dungeon (3/15)

Altars:
Hepliaklqana
Okawaru


Innate Abilities, Weirdness & Mutations

You are a hulking beast.
Your limbs bulge with bestial killing power. (Slay +1)
Your plain brown scales are hard. (AC +5)
You cannot fit into any form of body armour.
You are cold-blooded and may be slowed by cold attacks.


Message History

The bombardier beetle barely misses you.
You hit the bombardier beetle.
Your tail-slap misses the bombardier beetle.
The bombardier beetle is almost dead.
The liquid fire burns you!
You hit the bombardier beetle but do no damage.
The bombardier beetle is almost dead.
The liquid fire burns you!
The bombardier beetle bites you but does no damage.
You hit the bombardier beetle but do no damage.
Your tail-slap misses the bombardier beetle.
The bombardier beetle is almost dead.
The liquid fire burns you!
You hit the bombardier beetle but do no damage.
The bombardier beetle is almost dead.
The liquid fire burns you!
The bombardier beetle sprays incendiary fluid at you.
The burning spray hits you.
You are even more covered in liquid fire!
You hit the bombardier beetle.
You kill the bombardier beetle!
The liquid fire burns you!
Your Fighting skill increases to level 3!
Your Unarmed Combat skill increases to level 4!
Unknown command.
Unknown command.
Found a yellow potion.
You shake off some of the fire as you move.
The liquid fire burns you!
* * * LOW HITPOINT WARNING * * *
You see here a bombardier beetle corpse.
You shake off some of the fire as you move.
The liquid fire burns you!
* * * LOW HITPOINT WARNING * * *
You shake off some of the fire as you move.
The liquid fire burns you!
* * * LOW HITPOINT WARNING * * *
You shake off some of the fire as you move.
The liquid fire burns you!
You die...

......... .....<#
......#####....##...
......#.........#..
......#.#.......#.######
..........#.....#......#
......#.#..............#
......#................#
..#######.#............#
### #.#..†..h....#
#.#..........#
#!#..........#
#............#
####.........#
#.........# #.........#
#........!#


There were no monsters in sight!

Vanquished Creatures
  A bombardier beetle (D:3)
  An adder (D:3)
  A worm (D:2)
  A dart slug (D:1)
  An orc (D:3)
  2 endoplasms (D:2)
  4 giant cockroaches (D:2)
  7 goblins
  2 hobgoblins (D:2)
  2 quokkas
  4 ball pythons
  4 bats
  7 frilled lizards
  13 kobolds
  4 rats (D:1)
54 creatures vanquished.

Notes
Turn   | Place    | Note
-------+----------+-------------------------------------------
     0 | D:1      | MisterFreud the Draconian Shapeshifter began the quest for
                  | the Orb.
     0 | D:1      | Reached XP level 1. HP: 16/16 MP: 1/1
   250 | D:1      | Reached XP level 2. HP: 21/23 MP: 2/2
   927 | D:2      | Found a hazy altar of Hepliaklqana.
   980 | D:2      | Reached XP level 3. HP: 29/29 MP: 3/3
  1145 | D:2      | Became a worshipper of Hepliaklqana the Forgotten
  1639 | D:3      | Found a faded altar of an unknown god.
  1656 | D:3      | Found an iron altar of Okawaru.
  1694 | D:3      | Reached XP level 4. HP: 37/37 MP: 4/4
  1931 | D:3      | Reached skill level 4 in Unarmed Combat
  1934 | D:3      | Incinerated by a bombardier beetle

Illustrated notes

Levels and vault maps discovered:
D:1:      dpeg_arrival_rhombus, layout_loops_corners, st_stairs_2
D:2:      layout_basic, basic_altar, chequers_arboretum
D:3:      layout_basic, lemuel_tele_altar, basic_ecumenical_altar,
          hangedman_decor_push, minmay_cupped

Skill      XL: |  1  2  3  4 |
---------------+-------------+-----
Dodging        | 2 |  2.0
Fighting       | 2 3 |  3.3
Unarmed Combat | 4 |  4.2
Shapeshifting  | |  3.1

Action                     |  1- 3 |  4- 6 || total
---------------------------+-------+-------++-------
  Melee: Unarmed           |   122 |    25 ||   147
         Tailslap          |     8 |     1 ||     9
         Punch             |     1 |       ||     1
    Use: Scroll            |     3 |     2 ||     5
   Stab: Sleeping          |     1 |       ||     1
 Armour: Skin              |    55 |     9 ||    64
  Dodge: Dodged            |    74 |     9 ||    83

Table legend: (Time is in decaauts)
 A = Elapsed time spent in this place.
 B = Non-inter-level travel time spent in this place.
 C = Inter-level travel time spent in this place.
 D = Time resting spent in this place.
 E = Time spent auto-exploring this place.
 F = Levels seen in this place.
 G = Mean time per level.
                   A        B        C        D        E       F      G
               +--------+--------+--------+--------+--------+-----+--------+
         Total |   1926 |   1880 |     46 |     78 |   1436 |   3 |  642.0 |
       Dungeon |   1926 |   1880 |     46 |     78 |   1436 |   3 |  642.0 |
               +--------+--------+--------+--------+--------+-----+--------+

Top non-repeatable levels by time:
     D:1: 914 daAuts
     D:2: 659 daAuts
     D:3: 352 daAuts
